 Dungeon Crawl Stone Soup version 0.29-a0-284-gf9362112df (webtiles) character file.

Game seed: 6651515026069350203

83792 Zonian the Frost Mage (level 15, -2/107 HPs)
             Began as a Demonspawn Ice Elementalist on Mar 31, 2022.
             Was an Initiate of Gozag.
             Slain by a large abomination (38 damage)
             ... on level 3 of the Abyss.
             The game lasted 02:01:45 (46184 turns).

Zonian the Frost Mage (DsIE)                       Turns: 46184, Time: 02:01:45

Health: -2/107     AC: 20    Str: 12    XL:     15   Next: 33%
Magic:  17/29      EV: 19    Int: 31    God:    Gozag
Gold:   1927       SH: 11    Dex: 15    Spells: 11/35 levels left

rFire   + + +      SeeInvis +   z - +7 dagger "Vinketod" {pain, rF++ rC-}
rCold   x . .      Faith    .   (no shield)
rNeg    . . .      Spirit   .   U - +9 ring mail of Agoraphobia {Rampage rF++}
rPois   .          Reflect  +   (helmet unavailable)
rElec   .          Harm     .   X - +1 cloak of Starlight {*Dazzle EV+4 Stlth--}
rCorr   .          Rampage  +   (no gloves)
Will    +....                   u - +2 pair of boots
Stlth   ..........              y - amulet of reflection
HPRegen 0.00/turn               L - +6 ring of intelligence
MPRegen 0.21/turn               V - +6 ring of intelligence

@: brilliant, freezing walls, sick, hasted, very quick
A: antennae 3, large bone plates 2, demonic guardian 1, demonic magic 2
a: Renounce Religion, Potion Petition, Call Merchant, Bribe Branch


You were on level 3 of the Abyss.
You worshipped Gozag.
Gozag was most pleased with you.
You visited 3 branches of the dungeon, and saw 22 of its levels.
You visited the Abyss 1 time.
You also visited: Sewer and Gauntlet.

You collected 6424 gold pieces.
You spent 1228 gold pieces at shops.
You paid 3269 gold pieces to Gozag.

Inventory:

Hand Weapons
 r - the +11 morningstar "Petimib" {vorpal, Int+6}
   (You found it on level 14 of the Dungeon)

   It inflicts extra damage upon your enemies.
   Int:       It affects your intelligence (+6).
 z - the +7 dagger "Vinketod" (weapon) {pain, rF++ rC-}
   (You found it on level 4 of the Lair of Beasts)

   In the hands of one skilled in necromantic magic, it inflicts extra damage on
   living creatures.
   rF:        It greatly protects you from fire.
   rC:        It makes you vulnerable to cold.
 N - the +7 short sword of Termination {speed, Dex+3}
   (You bought it in a shop on level 6 of the Lair of Beasts)

   Attacks with this weapon are significantly faster.
   Dex:       It affects your dexterity (+3).
 Q - a +3 long sword of electrocution
 R - a +4 vorpal hand crossbow
Missiles
 e - 7 silver javelins
 i - 7 boomerangs
 F - 4 curare-tipped darts
Armour
 a - a +2 pair of gloves
 u - a +2 pair of boots (worn)
 U - the +9 ring mail of Agoraphobia (worn) {Rampage rF++}
   (You bought it in a shop on level 3 of the Dungeon)

   rF:        It greatly protects you from fire.
   Rampage:   It bestows one free step when moving towards enemies.
 X - the +1 cloak of Starlight (worn) {*Dazzle EV+4 Stlth--}
   (You found it on level 3 of the Lair of Beasts)

   It may blind those who miss an attack against the wearer in melee combat.
   EV:        It affects your evasion (+4).
   Stlth:     It makes you much less stealthy.
Magical Staves
 d - a staff of death
 W - a staff of air
Jewellery
 b - a ring of ice
 f - a ring of flight
 q - a +6 ring of strength
 y - an amulet of reflection (around neck)
 B - a ring of protection from cold
 L - a +6 ring of intelligence (left hand)
 M - a +4 ring of protection
 V - a +6 ring of intelligence (right hand)
Wands
 l - a wand of flame (8)
 m - a wand of mindburst (39)
 E - a wand of acid (3)
 S - a wand of digging (27)
 T - a wand of charming (6)
Scrolls
 g - 15 scrolls of teleportation
 j - 5 scrolls of fog
 n - a scroll of amnesia
 v - 6 scrolls of fear
 H - 2 scrolls of enchant armour
 O - 3 scrolls of magic mapping
 Y - 5 scrolls of blinking
Potions
 c - 2 potions of ambrosia
 h - 3 potions of mutation
 o - 2 potions of heal wounds
 p - 2 potions of might
 t - a potion of resistance
 x - 4 potions of brilliance
 A - 2 potions of berserk rage
 D - 8 potions of haste
 J - 5 potions of curing
 P - 2 potions of cancellation
Miscellaneous
 Z - a piece from Xom's chessboard (14/15)


   Skills:
 + Level 6.8 Fighting
 + Level 4.0(6.5) Short Blades
 - Level 7.9(8.3) Long Blades
 - Level 2.1 Maces & Flails
 - Level 2.1 Polearms
 + Level 6.0 Armour
 + Level 10.8 Dodging
 - Level 2.2 Stealth
 + Level 10.8 Spellcasting
 + Level 10.5 Conjurations
 + Level 3.9 Summonings
 - Level 4.9 Necromancy
 + Level 1.0 Translocations
 + Level 11.2 Ice Magic
 + Level 6.1 Air Magic


You had 11 spell levels left.
You knew the following spells:

 Your Spells              Type           Power      Damage    Failure   Level
a - Freeze                Ice            100%       1d11      1%          1
b - Frozen Ramparts       Ice            100%       1d12      1%          3
c - Ozocubu's Armour      Ice            92%        N/A       1%          3
d - Hailstorm             Conj/Ice       91%        3d18      1%          4
e - Freezing Cloud        Conj/Ice/Air   42%        6-21      3%          5
f - Summon Ice Beast      Ice/Summ       77%        N/A       2%          4
g - Iskenderun's Mystic   Conj/Tloc      68%        2d14      6%          4

Your spell library contained the following spells:

 Spells                   Type           Power      Damage    Failure   Level
 Pain                     Necr           100%       1d9       1%          1
 Lightning Bolt           Conj/Air       40%        1d59      5%          5
 Fulminant Prism          Conj/Hex       32%        3d16      7%          4
 Summon Lightning Spire   Summ/Air       64%        N/A       8%          4
 Summon Guardian Golem    Hex/Summ       43%        N/A       9%          3
 Tukima's Dance           Hex            25%        N/A       19%         3
 Irradiate                Conj/Tmut      32%        3d24      21%         5
 Agony                    Necr           63%        N/A       22%         5
 Excruciating Wounds      Necr           31%        N/A       22%         5
 Animate Armour           Summ/Erth      86%        N/A       26%         4
 Passage of Golubria      Tloc           34%        N/A       38%         4
 Borgnjor's Vile Clutch   Necr/Erth      24%        N/A       52%         5
 Orb of Destruction       Conj           44%        9d12      56%         7
 Summon Mana Viper        Hex/Summ       43%        N/A       58%         5
 Alistair's Intoxication  Tmut/Pois      16%        N/A       86%         5
 Lee's Rapid Deconstruct  Erth           12%        3d10*     86%         5
 Yara's Violent Unravell  Hex/Tmut       12%        3d7       86%         5
 Spellforged Servitor     Conj/Summ      37%        N/A       95%         7
 Eringya's Noxious Bog    Tmut/Pois      12%        N/A       100%        6
 Summon Hydra             Summ           29%        N/A       100%        7
 Lehudib's Crystal Spear  Conj/Erth      32%        10d8      100%        8


Dungeon Overview and Level Annotations

Branches:
Dungeon (15/15)            Temple (1/1) D:5            Lair (6/6) D:10
  Swamp (0/4) Lair:2       Spider (0/4) Lair:4        Slime (0/5) Lair:6
    Orc (0/2) D:12         Vaults (0/5) D:13          Sewer (visited)
Gauntlet (visited)
 Depths: D:15

Altars:
Ashenzari
Cheibriados
Dithmenos
Elyvilon
Fedhas
Gozag
Hepliaklqana
Kikubaaqudgha
Makhleb
Nemelex Xobeh
Okawaru
Qazlal
Ru
Sif Muna
Trog
Uskayaw
Vehumet
Wu Jian
Xom
Yredelemnul
Zin
The Shining One
Beogh
Jiyva

Shops:
D:3 [   D:9 ?   D:10 (   D:11 *   Lair:6 (

Annotations:
D:3 exclusion: phantom
D:5 2 transporters, YayAnonymity's ghost, novice HOFE
D:6 1 runed translucent door, Crazy Yiuf
D:7 Joseph
D:11 exclusion: ice statue
D:15 Louise


Innate Abilities, Weirdness & Mutations

You have a pair of large antennae on your head. (SInv)
You are mostly covered in large bone plates. (SH +6)
A weak demonic guardian rushes to your aid.
Spells you cast may paralyse nearby enemies.


Message History

You feel much better.
The hell hound is frozen!
The wall freezes the hell hound.
You block the hell hound's attack.
The wall freezes the large abomination.
The large abomination closely misses you.
Your iron imp barely misses the hell hound.
Your large abomination barely misses the hell hound.
The wall freezes the large abomination.
The phantasmal warrior resists.
The wall freezes the phantasmal warrior.
The phantasmal warrior gestures at you.
The phantasmal warrior blinks!
The hell hound is frozen!
The wall freezes the hell hound!
The hell hound closely misses you.
Unknown command.
You completely miss the hell hound.
The hell hound is heavily wounded.
The hell hound is frozen!
The wall freezes the hell hound!
You block the hell hound's attack.
The quasit resists.
The wall freezes the quasit.
Unknown command.
You hit the hell hound.
The hell hound is almost dead.
The wall freezes the large abomination.
You block the large abomination's attack.
The hell hound is frozen!
The wall freezes the hell hound!
You block the hell hound's attack.
The wall freezes the large abomination!
The large abomination hits you!
Your large abomination hits the hell hound.
The hell hound dies!
The hell hound is frozen!
The wall freezes the hell hound.
You kill the hell hound!
That felt strangely unrewarding.
You hit the large abomination.
The large abomination is moderately damaged.
The quasit resists.
The wall freezes the quasit.
The wall freezes the large abomination! x2
Unknown command.
You hit the large abomination.
The large abomination is moderately damaged.
The wall freezes the large abomination.
The large abomination hits you!!!
You die...
Your body crumbles into a pile of gold.

## .. #... # ...# .
#........ .... #
..... ...##..#... .
.....##... ..#...
##§....#..#.....
#....#.........#
......#..##........
.........#X.......
##....X5@XX.....##
#..##.†.#X..#..#
...W..5...... .
........... .... .
##..##..##.. #..##
#.. #.. ..# . ...
.... ... .. .....
...


You could see 4 large abominations, a phantasmal warrior, a quasit (paralysed),
a friendly large abomination (summoned) and a friendly iron imp (summoned).

Vanquished Creatures
  A dire elephant (Lair:6)
  A minotaur (Gauntlet)
  2 fire dragons
  Fannar (Lair:1)
  10 hydras
  A great orb of eyes (Abyss:3)
  A vault guard (D:13)
  4 boulder beetles
  An ice dragon (Lair:6)
  2 two-headed ogres
  A catoblepas (D:14)
  5 centaur warriors
  4 tengu warriors
  A hell hog (Abyss:3)
  7 death yaks (Lair:5)
  Nergalle (D:11)
  A swamp dragon (Lair:6)
  3 deep elf pyromancers
  2 necromancers (D:13)
  2 wizards (D:13)
  2 lindwurms (Lair:6)
  A deep elf zephyrmancer (D:15)
  A manticore (D:14)
  3 ugly things (D:14)
  4 cyclopes
  7 torpor snails
  16 elephants
  A black mamba (Lair:2)
  A gargoyle (D:11)
  An unseen horror (D:13)
  16 cane toads
  14 komodo dragons
  A rime drake (shapeshifter) (D:15)
  Maggie (D:7)
  2 rime drakes (Lair:6)
  7 kobold demonologists
  2 tengu conjurers
  3 trolls
  4 meliai
  3 tyrant leeches (Lair:6)
  A polar bear (Lair:6)
  3 blink frogs (Lair:3)
  11 slime creatures
  8 hornets (Lair:6)
  7 dream sheep (Lair:6)
  A centaur simulacrum (D:15)
  2 shadows
  2 wraiths
  33 yaks
  19 humans (D:13)
  7 basilisks
  6 wyverns
  2 steam dragons
  6 vampire mosquitoes (D:12)
  2 wargs (D:10)
  6 acid dragons
  2 hell hounds (Abyss:3)
  11 water moccasins
  A swamp drake (Lair:6)
  2 sky beasts (D:6)
  A black bear (shapeshifter) (D:15)
  8 orc warriors
  2 ice beasts
  10 wolves
  9 centaurs
  2 ogres (D:6)
  A phantom (D:3)
  8 kobold brigands
  11 bullfrogs
  A gnoll sergeant (D:10)
  2 necrophages
  9 scorpions
  5 wights (D:9)
  16 killer bees
  An electric eel (Lair:1)
  2 howler monkeys (D:9)
  2 jellies
  2 hounds
  7 orc priests
  18 iguanas
  6 hell rats (Lair:5)
  15 orc wizards
  A mummy (D:7)
  6 gnolls
  10 river rats
  12 adders
  2 shadow imps
  An ufetubus (D:4)
  7 worms
  2 dart slugs
  41 orcs
  11 ball pythons
  15 bats
  11 endoplasms
  11 giant cockroaches
  5 hobgoblins
  4 jackals
  22 kobolds
  6 quokkas
  6 frilled lizards
  6 goblins
  5 rats
  A butterfly (Lair:2)
596 creatures vanquished.

Vanquished Creatures (collateral kills)
  A hydra (Gauntlet)
  A catoblepas (Lair:6)
  A thrashing horror (Abyss:3)
  2 hell hogs (Abyss:3)
  4 elephants (Lair:6)
  A black mamba (Lair:6)
  A komodo dragon (Lair:1)
  An ancient zyme (Abyss:3)
  A neqoxec (Abyss:3)
  3 hell hounds (Abyss:3)
  A kobold brigand (D:14)
  A howler monkey (D:9)
  A small abomination (Abyss:3)
  A river rat (D:5)
  2 orcs
  2 kobolds (D:14)
24 creatures vanquished.

Vanquished Creatures (others)
  A chaos spawn (Abyss:3)
  A bat (D:11)
  A bush (Lair:5)
  50 fungi
  74 plants
127 creatures vanquished.

Grand Total: 747 creatures vanquished

Notes
Turn   | Place    | Note
-------+----------+-------------------------------------------
     0 | D:1      | Zonian the Demonspawn Ice Elementalist began the quest for
                  | the Orb.
     0 | D:1      | Reached XP level 1. HP: 13/13 MP: 3/3
   346 | D:1      | Gained mutation: You have a pair of small antennae on your
                  | head. [demonic ancestry]
   346 | D:1      | Reached XP level 2. HP: 15/19 MP: 1/5
   798 | D:1      | Found a faded altar of an unknown god.
  1339 | D:1      | Reached XP level 3. HP: 24/24 MP: 4/6
  1496 | D:1      | Learned a level 3 spell: Frozen Ramparts
  2476 | D:2      | Reached skill level 4 in Ice Magic
  3239 | D:3      | Found Agrol's Antique Armour Shop.
  3494 | D:3      | Reached XP level 4. HP: 22/30 MP: 8/8
  4061 | D:3      | Noticed a phantom
  4863 | D:4      | Gained mutation: You have a pair of antennae on your head.
                  | [demonic ancestry]
  4863 | D:4      | Reached XP level 5. HP: 32/35 MP: 9/9
  5296 | D:4      | Found a sacrificial altar of Ru.
  5543 | D:4      | Gained mutation: You are partially covered in large bone
                  | plates. (SH +4) [demonic ancestry]
  5543 | D:4      | Reached XP level 6. HP: 12/39 MP: 11/11
  6072 | D:5      | Entered Level 5 of the Dungeon
  6143 | D:5      | Reached skill level 5 in Ice Magic
  6314 | D:5      | Reached XP level 7. HP: 40/46 MP: 13/13
  6316 | D:5      | Found a staircase to the Ecumenical Temple.
  6347 | Temple   | Entered the Ecumenical Temple
  6378 | Temple   | Became a worshipper of Gozag Ym Sagoz the Greedy
  6534 | D:5      | Found a glowing drain.
  6542 | Sewer    | Entered a sewer
  8019 | D:5      | Noticed YayAnonymity's ghost (novice HOFE)
  8021 | D:5      | Found a transporter.
  8024 | D:5      | Found a transporter.
  8173 | D:5      | Found an ancient bone altar of Kikubaaqudgha.
  8753 | D:6      | Learned a level 3 spell: Ozocubu's Armour
  8758 | D:6      | Learned a level 4 spell: Hailstorm
  9055 | D:6      | Reached skill level 1 in Polearms
  9055 | D:6      | Reached skill level 1 in Conjurations
  9162 | D:6      | Reached skill level 5 in Dodging
  9162 | D:6      | Reached skill level 5 in Spellcasting
  9162 | D:6      | Reached XP level 8. HP: 49/52 MP: 11/15
  9241 | D:6      | Reached skill level 6 in Ice Magic
 10107 | D:6      | Found a runed translucent door.
 10108 | D:6      | Noticed Crazy Yiuf
 10177 | D:6      | Reached skill level 1 in Maces & Flails
 10267 | D:6      | Found a sparkling altar of Nemelex Xobeh.
 11216 | D:7      | Noticed Maggie
 11228 | D:7      | Killed Maggie
 11229 | D:7      | Reached XP level 9. HP: 41/57 MP: 15/17
 11438 | D:7      | Noticed Joseph
 12641 | D:7      | Reached skill level 1 in Long Blades
 12734 | D:7      | Found a snail-covered altar of Cheibriados.
 13533 | D:8      | Reached skill level 7 in Ice Magic
 13730 | D:8      | Noticed a two-headed ogre
 13735 | D:8      | Killed a two-headed ogre
 13736 | D:8      | Reached skill level 5 in Conjurations
 13736 | D:8      | Gained mutation: A weak demonic guardian rushes to your
                  | aid. [demonic ancestry]
 13736 | D:8      | Reached XP level 10. HP: 36/63 MP: 13/20
 13928 | D:8      | Found a burning altar of Makhleb.
 14954 | D:9      | Noticed a +0 dagger
 14954 | D:9      | Noticed a +0 hand axe
 16083 | D:9      | Reached skill level 8 in Ice Magic
 16126 | D:9      | Bought a scroll of identify for 36 gold pieces
 16126 | D:9      | Bought a scroll of summoning for 171 gold pieces
 16126 | D:9      | Bought a scroll of teleportation for 54 gold pieces
 16347 | D:9      | Found a hide-covered altar of Uskayaw.
 16918 | D:10     | Entered Level 10 of the Dungeon
 16923 | D:10     | Found a staircase to the Lair.
 17524 | D:10     | Gained mutation: You are mostly covered in large bone
                  | plates. (SH +6) [demonic ancestry]
 17524 | D:10     | Reached XP level 11. HP: 40/68 MP: 20/22
 17691 | D:10     | Found Neummoc's Antique Weapon Shoppe.
 17699 | D:10     | Bought a glowing long sword for 175 gold pieces
 17699 | D:10     | Bought a runed hand crossbow for 175 gold pieces
 18207 | D:9      | Noticed a soul eater
 18367 | D:10     | Noticed a sun demon
 19054 | D:10     | Reached skill level 5 in Long Blades
 19586 | Lair:1   | Entered Level 1 of the Lair of Beasts
 19601 | Lair:1   | Noticed a seven-headed hydra
 19629 | Lair:1   | Killed a seven-headed hydra
 19998 | Lair:1   | Found a hazy altar of Hepliaklqana.
 20436 | Lair:1   | Noticed Fannar
 20637 | Lair:1   | Killed Fannar
 21485 | Lair:1   | Reached skill level 9 in Ice Magic
 22503 | Lair:2   | Identified a scroll of acquirement
 22503 | Lair:2   | Acquired the Guide on the Birds and Combat Magic
 22511 | Lair:2   | Learned a level 5 spell: Freezing Cloud
 22838 | Lair:2   | Found a staircase to the Swamp.
 23176 | Lair:2   | Got the Compendium of the Entourage
 23182 | Lair:2   | Learned a level 4 spell: Summon Ice Beast
 23206 | Lair:2   | Gained mutation: You have a pair of large antennae on your
                  | head. (SInv) [demonic ancestry]
 23206 | Lair:2   | Reached XP level 12. HP: 60/75 MP: 24/24
 23575 | Lair:2   | Reached skill level 1 in Fighting
 23575 | Lair:2   | Reached skill level 1 in Air Magic
 24093 | D:3      | Bought a spiked ring mail for 234 gold pieces
 24093 | D:3      | Identified the +9 ring mail of Agoraphobia {Rampage rF++}
                  | (You bought it in a shop on level 3 of the Dungeon)
 25045 | Lair:3   | Found the +1 cloak of Starlight {*Dazzle EV+4 Stlth--}
 25149 | Lair:3   | Reached skill level 1 in Armour
 26056 | Lair:4   | Found a hole to the Spider Nest.
 26431 | Lair:4   | Identified the +7 dagger "Vinketod" {pain, rF++ rC-}
 27296 | Lair:5   | Noticed a death yak
 27296 | Lair:5   | Noticed a death yak
 27296 | Lair:5   | Noticed a death yak
 27611 | Lair:4   | Reached skill level 1 in Necromancy
 28551 | Lair:5   | Killed a death yak
 28558 | Lair:5   | Killed a death yak
 28567 | Lair:5   | Killed a death yak
 28982 | Lair:5   | Noticed a death yak
 28982 | Lair:5   | Noticed a death yak
 28982 | Lair:5   | Noticed a death yak
 28983 | Lair:5   | Noticed a death yak
 29191 | Lair:5   | Noticed a seven-headed hydra
 29955 | Lair:5   | Killed a death yak
 29961 | Lair:5   | Killed a death yak
 29962 | Lair:5   | Gained mutation: Spells you cast may paralyse adjacent
                  | enemies. [demonic ancestry]
 29962 | Lair:5   | Reached XP level 13. HP: 63/87 MP: 6/26
 30258 | Lair:5   | Reached skill level 10 in Ice Magic
 30726 | Lair:6   | Entered Level 6 of the Lair of Beasts
 31990 | Lair:6   | Found a runed translucent door.
 33092 | Lair:6   | Noticed a dire elephant
 33588 | Lair:6   | Killed a dire elephant
 33719 | Lair:6   | Reached skill level 10 in Dodging
 33721 | Lair:6   | Reached skill level 10 in Spellcasting
 33765 | Lair:6   | Reached skill level 5 in Fighting
 34226 | Lair:6   | Gained mutation: Spells you cast may paralyse nearby
                  | enemies. [demonic ancestry]
 34226 | Lair:6   | Reached XP level 14. HP: 98/98 MP: 28/28
 34235 | Lair:6   | Reached skill level 1 in Short Blades
 35017 | Lair:6   | Bought a dazzling short sword for 208 gold pieces
 35017 | Lair:6   | Identified the +7 short sword of Termination {speed, Dex+3}
                  | (You bought it in a shop on level 6 of the Lair of Beasts)
 36673 | Lair:6   | Found a viscous altar of Jiyva.
 36674 | Lair:6   | Found a staircase to the Slime Pits.
 36772 | Lair:6   | Reached skill level 1 in Summonings
 37263 | D:11     | Found a gate leading to a gauntlet.
 37282 | Gauntlet | Entered a Gauntlet
 37282 | Gauntlet | Found a transporter.
 37282 | Gauntlet | Found a transporter.
 37313 | Gauntlet | Found a transporter.
 37337 | Gauntlet | Found a transporter.
 37354 | Gauntlet | Found a transporter.
 37354 | Gauntlet | Found a transporter.
 37412 | Gauntlet | Found a transporter.
 37443 | Gauntlet | Found a transporter.
 37443 | Gauntlet | Found a transporter.
 37452 | Gauntlet | Found a transporter.
 37784 | Gauntlet | Reached skill level 5 in Air Magic
 37937 | Gauntlet | Got the Disquisition on the Rocks and Summoning
 38647 | D:11     | Reached skill level 5 in Armour
 38810 | D:11     | Noticed Nergalle
 38994 | D:11     | Bought a scroll of summoning for 95 gold pieces
 38994 | D:11     | Bought 2 potions of curing for 60 gold pieces
 38994 | D:11     | Bought a scroll of identify for 20 gold pieces
 39067 | D:11     | Killed Nergalle
 39831 | D:12     | Found a staircase to the Orcish Mines.
 40619 | D:12     | Reached skill level 10 in Conjurations
 42351 | D:13     | Reached skill level 11 in Ice Magic
 42355 | D:13     | Found a gate to the Vaults.
 42874 | D:14     | Identified the +11 morningstar "Petimib" {vorpal, Int+6}
 43466 | D:14     | Reached XP level 15. HP: 106/106 MP: 29/29
 44850 | D:15     | Entered Level 15 of the Dungeon
 45189 | D:14     | Learned a level 4 spell: Iskenderun's Mystic Blast
 46076 | D:15     | Noticed Louise
 46091 | D:15     | Reached skill level 1 in Translocations
 46094 | D:15     | Cast into level 3 of the Abyss (Louise)
 46184 | Abyss:3  | Slain by a large abomination

Illustrated notes

Levels and vault maps discovered:
D:1:      lightli_arrival_flooded_house, layout_basic,
          nicolae_ecumenical_lake_church, roderic_nine_men_s_morris,
          minmay_misc_feat_square
D:2:      kennysheep_big_flooded_room, layout_loops_cross
D:3:      layout_loops_ring, serial_shops, nicolae_lakefront_shop,
          hangedman_decor_points, minmay_misc_feat_nine_boxes, minmay_liquid_box
D:4:      layout_gridville, mainiacjoe_overflow_paths
D:5:      layout_loops_ring, lemuel_tele_altar, minmay_temple_entry_slanted,
          portal_sewer_entry_b, gammafunk_ghost_mausoleum
D:6:      layout_basic, nemelex_diamond_rough_becter, uniq_crazy_yiuf_cottage
D:7:      layout_rooms, slow_altar_2, uniq_maggie, uniq_joseph
D:8:      layout_basic, mainiacjoe_overflow_cross_hatched
D:9:      layout_rooms, dancing_weapons_uskayaw
D:10:     layout_gridville, erik_lair_orcish_takeover, serial_shops,
          nicolae_diamond_shop
D:11:     old_forge, layout_irregular_city, gauntlet_entry_generic,
          minivault_16, uniq_nergalle
D:12:     layout_basic, minmay_orc_entry_temple_small,
          kennysheep_generic_room_10
D:13:     layout_cave_pools, grunt_vaults_entry_tiered
D:14:     layout_long_grid, roderic_lattice_a
D:15:     hangedman_slaughterboxes, uniq_louise
Temple:   lightli_temple_of_artemis
Lair:1:   layout_cave_pods, basic_altar, grunt_megastairs_5,
          infiniplex_staircase_pool, uniq_fannar
Lair:2:   layout_loops_ring, minmay_swamp_entry_reptiles,
          amcnicky_mini_pool_medium, lemuel_fruit_fields
Lair:3:   beast_lair_carwin_large_4, layout_regular_city
Lair:4:   layout_cave_pods, hellmonk_spider_entry_not_the_bees
Lair:5:   layout_cave_pods, chequers_serial_rivers_micro_b, grunt_megastairs_4,
          lemuel_fruit_tree, serial_bayou_shore_b
Lair:6:   guppyfry_lair_end_dragon, layout_cave_pods, wormcave,
          dpeg_slime_entry_enclosed_altar, infiniplex_staircase_pool_2
Abyss:3:  base: D:1, minivault_26, minivault_26

Skill      XL: |  1  2  3  4  5  6  7  8  9 10 11 12 13 14 15 |
---------------+----------------------------------------------+-----
Stealth        | 2 |  2.2
Dodging        | 2 3 4 5 6 7 8 9 10 | 10.8
Ice Magic      | 4 5 6 7 8 9 10 11 | 11.2
Spellcasting   | 3 4 5 6 7 8 9 10 | 10.8
Polearms       | 1 2 |  2.1
Conjurations   | 1 3 5 6 7 8 9 10 | 10.5
Maces & Flails | 2 |  2.1
Long Blades    | 3 4 6 7 |  7.9
Fighting       | 3 5 6 |  6.8
Air Magic      | 3 4 5 6 |  6.1
Armour         | 2 4 5 6 |  6.0
Necromancy     | 2 4 |  4.9
Short Blades   | 3 4 |  4.0
Summonings     | 3 |  3.9
Translocations | 1 |  1.0

Action                   |  1- 3 |  4- 6 |  7- 9 | 10-12 | 13-15 || total
-------------------------+-------+-------+-------+-------+-------++-------
Melee: Unarmed           |     9 |       |       |       |       ||     9
       Dagger            |    68 |    64 |       |    27 |   161 ||   320
       Punch             |       |     2 |     2 |    14 |    15 ||    33
       Spear             |       |    34 |   234 |       |       ||   268
       Flail             |       |       |    16 |     3 |     9 ||    28
       Scimitar          |       |       |    51 |   157 |       ||   208
       Long sword        |       |       |       |   395 |   201 ||   596
       Short sword       |       |       |       |       |   656 ||   656
 Fire: Hand crossbow     |       |       |       |     6 |     4 ||    10
Throw: Throwing net      |       |       |       |       |     1 ||     1
 Cast: Freeze            |    63 |    66 |    65 |     4 |    16 ||   214
       Frozen Ramparts   |       |     5 |    16 |    62 |    69 ||   152
       Ozocubu's Armour  |       |       |     3 |    12 |    24 ||    39
       Hailstorm         |       |       |       |    22 |    55 ||    77
       Freezing Cloud    |       |       |       |       |     5 ||     5
       Summon Ice Beast  |       |       |       |       |     1 ||     1
Invok: Call Merchant     |       |       |       |     1 |     2 ||     3
       Potion Petition   |       |       |       |     1 |     1 ||     2
Evoke: Wand              |       |       |     2 |     7 |    11 ||    20
       Piece from Xom's  |       |       |       |     1 |     1 ||     2
  Use: Scroll            |       |    10 |     6 |    18 |    11 ||    45
       Potion            |       |     2 |     2 |     4 |     8 ||    16
 Stab: Sleeping          |     4 |     1 |     2 |     1 |       ||     8
       Distracted        |       |       |     1 |     4 |     4 ||     9
       Invisible         |       |       |       |     7 |    44 ||    51
       Paralysed         |       |       |       |       |    40 ||    40
Armor: Robe              |    22 |    26 |    73 |   114 |       ||   235
       Skin              |       |    12 |       |       |       ||    12
       Ring mail         |       |       |       |    71 |   255 ||   326
Dodge: Dodged            |    93 |    81 |   238 |   486 |   554 ||  1452
Block: Other             |       |    31 |    59 |   215 |   445 ||   750
       Reflection        |       |       |       |       |    28 ||    28

Table legend: (Time is in decaauts)
 A = Elapsed time spent in this place.
 B = Non-inter-level travel time spent in this place.
 C = Inter-level travel time spent in this place.
 D = Time resting spent in this place.
 E = Time spent auto-exploring this place.
 F = Levels seen in this place.
 G = Mean time per level.
                   A        B        C        D        E       F      G
               +--------+--------+--------+--------+--------+-----+--------+
         Total |  46217 |  45056 |   1161 |  22723 |  11995 |  25 | 1848.7 |
       Dungeon |  26630 |  25907 |    723 |  12272 |   7954 |  15 | 1775.3 |
        Temple |     48 |     31 |     17 |      0 |      0 |   1 |   48.0 |
          Lair |  17165 |  16745 |    420 |   9320 |   3849 |   6 | 2860.8 |
         Abyss |     73 |     73 |      0 |      0 |      0 |   1 |   73.0 |
         Sewer |   1652 |   1652 |      0 |    742 |    191 |   1 | 1652.0 |
      Gauntlet |    647 |    647 |      0 |    388 |      0 |   1 |  647.0 |
               +--------+--------+--------+--------+--------+-----+--------+

Top non-repeatable levels by time:
  Lair:6: 5494 daAuts
     D:6: 3997 daAuts
  Lair:5: 3672 daAuts
     D:9: 2913 daAuts
  Lair:1: 2801 daAuts
    D:14: 2231 daAuts
  Lair:4: 1876 daAuts
    D:10: 1823 daAuts
  Lair:2: 1754 daAuts
    D:12: 1713 daAuts
     D:2: 1663 daAuts
   Sewer: 1652 daAuts
     D:4: 1649 daAuts
    D:11: 1626 daAuts
    D:13: 1619 daAuts
